 Dungeon Crawl Stone Soup version 0.25.0-26-g0c896c7088 (webtiles) character file.

Game seed: 3173884701176950543

965 Gatuga the Shield-Bearer (level 7, 0/61 HPs)
             Began as a Minotaur Fighter on July 3, 2020.
             Killed by vampiric draining
             ... invoked by Esekla's ghost
              (7 damage)
             ... on level 5 of the Dungeon.
             The game lasted 00:43:43 (4159 turns).

Gatuga the Shield-Bearer (Minotaur Fighter)         Turns: 4159, Time: 00:43:44

Health: 0/61       AC: 11    Str: 22      XL:     7   Next: 93%
Magic:  6/6        EV:  7    Int:  5      God:
Gold:   273        SH: 11    Dex:  9 (10) Spells: 6/6 levels left

rFire    . . .     SeeInvis .   a - +1 long sword
rCold    . . .     Gourm    .   c - +1 kite shield
rNeg     . . .     Faith    .   k - +0 chain mail
rPois    .         Spirit   .   (helmet restricted)
rElec    .         Reflect  .   (no cloak)
rCorr    .         Harm     .   q - +0 pair of gloves
MR       .....                  (no boots)
Stlth    ..........             (no amulet)
HPRegen  0.20/turn              h - ring of flight
MPRegen  0.10/turn              (no ring)

@: very slightly contaminated
A: retaliatory headbutt, horns 2
a: Evoke Flight


You were on level 5 of the Dungeon.
You were not hungry.

You visited 1 branch of the dungeon, and saw 5 of its levels.
You also visited: Sewer.

You collected 273 gold pieces.

Inventory:

Hand Weapons
 a - a +1 long sword (weapon)
 n - a +1 hand axe of flaming
Missiles
 l - 7 silver javelins (quivered)
Armour
 c - a +1 kite shield (worn)
 k - a +0 chain mail (worn)
 q - a +0 pair of gloves (worn)
Jewellery
 g - an uncursed ring of wizardry
 h - a ring of flight (left hand)
 r - an uncursed ring of ice
 A - an uncursed ring of positive energy {unknown}
Wands
 i - a wand of flame (14)
Scrolls
 b - 4 scrolls of teleportation
 e - 5 scrolls of remove curse
 m - a scroll of identify
 p - a scroll of amnesia
 s - a scroll of blinking
 x - a scroll of fog
 y - 2 scrolls of magic mapping
 B - a scroll of enchant weapon
Potions
 d - 3 potions of might
 o - a potion of stabbing
 t - 2 potions of heal wounds
 u - 3 potions of curing
 v - a potion of brilliance {unknown}
 w - 2 potions of flight
 z - a potion of magic {unknown}
Comestibles
 f - 5 rations
 j - 2 chunks of flesh


   Skills:
 + Level 5.2 Fighting
 + Level 6.5 Long Blades
 + Level 0.4 Throwing
 + Level 6.3 Armour
 + Level 1.5 Dodging
 + Level 0.2 Stealth
 + Level 6.9 Shields


You had 6 spell levels left.
You didn't know any spells.
Your spell library was empty.

Dungeon Overview and Level Annotations

Branches:
Dungeon (5/15)              Sewer (visited)
 Temple: D:4-7

Altars:
Fedhas
Ru
Trog
Wu Jian

Annotations:
D:5 Esekla's ghost, amateur FoNe


Innate Abilities, Weirdness & Mutations

You reflexively headbutt those who attack you in melee.
You have a pair of horns on your head.


Message History

Esekla's ghost is infused with unholy energy.
Esekla's ghost draws life force from you and is healed!
The ice beast hits you. The ice beast freezes you!
* * * LOW HITPOINT WARNING * * *
The worker ant bites you.
* * * LOW HITPOINT WARNING * * *
You block Esekla's ghost's attack.
Blink to where?
Press: ? - help, Dir - move target cursor, f - you
Okay, then.
Okay, then.
Blink to where?
Press: ? - help, Dir - move target cursor You are very lightly contaminated with residual magic.
As you read the scroll of blinking, it crumbles to dust.
You enter the transporter and appear at another place.
You slash Esekla's ghost!
Esekla's ghost is almost destroyed.
Esekla's ghost is infused with unholy energy.
You die...

.................................
#####.......###........###.......
#.##'##.....................<
#.#≈≈≈#.##....#########......
#.#≈≈≈#.#<...##.......##.....
#.#≈.≈#.####.#8.......8#.....
#.#≈≈≈#...)..#.........#.....
#.#≈≈≈#....W.#.........#...##
...#####.....@#a†..©....#§..#
###............#§Y.......#..##
#...##.....#.#.........#.## +...
#.....#.#8.......8#.# #...
#.....#.##§......##.# #.
.......#..#########..#
........##...........##
#.[#....####+#######.# #.#


You could see an ice beast, a worker ant and Esekla's ghost.

Vanquished Creatures
  2 phantoms
  3 big kobolds (Sewer)
  A howler monkey (D:5)
  A quasit (D:5)
  A bullfrog skeleton (D:4)
  2 orc wizards (D:3)
  An orc priest (D:2)
  4 worker ants (D:4)
  A hound skeleton (D:4)
  A gnoll (D:2)
  12 adders
  A river rat (Sewer)
  2 oozes (Sewer)
  An adder skeleton (D:4)
  An adder zombie (D:5)
  9 worms
  2 dart slugs
  4 leopard geckos
  15 orcs
  4 ball pythons
  7 giant cockroaches
  4 goblins
  8 hobgoblins
  9 jackals
  2 quokkas
  11 bats
  6 frilled lizards
  13 kobolds
  9 rats
137 creatures vanquished.

Notes
Turn   | Place    | Note
-------+----------+-------------------------------------------
     0 | D:1      | Gatuga the Minotaur Fighter began the quest for the Orb.
     0 | D:1      | Reached XP level 1. HP: 19/19 MP: 0/0
   122 | D:1      | You fall into a shaft and drop 1 floor!
   209 | D:2      | Reached XP level 2. HP: 26/27 MP: 1/1
   415 | D:2      | Found a blossoming altar of Fedhas.
   497 | D:2      | Reached XP level 3. HP: 33/33 MP: 2/2
   796 | D:2      | Reached XP level 4. HP: 37/40 MP: 3/3
  1188 | D:2      | Reached skill level 5 in Armour
  1800 | D:3      | Reached XP level 5. HP: 42/46 MP: 4/4
  1952 | D:3      | Found an ornate altar of the Wu Jian Council.
  2162 | D:3      | Reached skill level 1 in Dodging
  2162 | D:3      | Reached skill level 5 in Shields
  2248 | D:3      | Noticed a moth of wrath
  2251 | D:3      | Found a bloodstained altar of Trog.
  2633 | D:4      | Found a sacrificial altar of Ru.
  2656 | D:4      | Reached XP level 6. HP: 37/53 MP: 5/5
  2770 | D:4      | Found a bloodstained altar of Trog.
  3045 | D:4      | Reached skill level 5 in Long Blades
  3297 | D:4      | Reached XP level 7. HP: 44/60 MP: 6/6
  3499 | D:5      | Entered Level 5 of the Dungeon
  3499 | D:5      | Found a transporter.
  3499 | D:5      | Noticed Esekla's ghost (amateur FoNe)
  3584 | D:5      | Found a transporter.
  3585 | D:5      | Found a glowing drain.
  3646 | Sewer    | Entered a sewer
  3696 | Sewer    | Reached skill level 5 in Fighting
  4159 | D:5      | Killed from afar by Esekla's ghost

Illustrated notes

Levels and vault maps discovered:
D:1:      matt_arrival_refuge, layout_basic
D:2:      minmay_razor_zed, layout_basic, fedhas_altar_4
D:3:      layout_basic, tgw_trog, marbit_many_paths, first_ration,
          serial_bayou_ford_a
D:4:      layout_loops_cross, nicolae_ru_awakened_eye, hangedman_feature_mirror,
          trog_butcher_becter
D:5:      layout_basic, grunt_gozag_breadcrumbs, lemuel_crystal_altar,
          minmay_temple_entry_slanted, gup_sewer_entry_glass,
          gammafunk_ghost_arena

Skill      XL: |  1  2  3  4  5  6  7 |
---------------+----------------------+-----
Armour         | 4 5 6 |  6.3
Shields        | 4 5 6 |  6.9
Fighting       | 4 5 |  5.2
Long Blades    | 3 4 5 6 |  6.5
Dodging        | 1 |  1.5
Throwing       | |  0.4
Stealth        | |  0.2

Action                   |  1- 3 |  4- 6 |  7- 9 || total
-------------------------+-------+-------+-------++-------
Melee: Long sword        |    59 |   225 |   174 ||   458
       Headbutt          |     5 |    44 |    25 ||    74
Throw: Javelin           |       |       |     6 ||     6
 Abil: Evoke Flight      |       |       |     1 ||     1
  Use: Scroll            |       |     9 |     3 ||    12
       Potion            |       |     3 |     1 ||     4
  Eat: Chunk             |       |     8 |     4 ||    12
Armor: Scale mail        |    29 |    41 |       ||    70
       Chain mail        |       |    51 |    80 ||   131
Dodge: Dodged            |    22 |    56 |    44 ||   122
Block: Kite shield       |    36 |   129 |   132 ||   297
       Rpst.: Long sword |     7 |    11 |    11 ||    29
